[ AOE2 MATCH · #480288212 ]
UnrankedBritons vs Dravidians
[ REPLAY ANALYSIS · EXTRACTED FROM THE RECORDED GAME ]
Feudal
12:26
Castle
19:32
Imperial
33:47
| APM avg | 50.3 |
| APM peak | 120 |
| eAPM avg | 29.2 |
| Villagers / military | 167 / 584 |
Focus
⚔️ 45.1% · 🌾 54.9%
Skirmisher ×310 · Longbowman ×230 · Trade Cart ×41 · Trebuchet (Packed) ×27 · Militia ×17
Feudal
16:51
Castle
21:09
Imperial
35:20
| APM avg | 43.4 |
| APM peak | 100 |
| eAPM avg | 35.7 |
| Villagers / military | 187 / 496 |
Focus
⚔️ 56.0% · 🌾 44.0%
Skirmisher ×404 · Elephant Archer ×50 · Bombard Cannon ×26 · Trade Cart ×19 · Hand Cannoneer ×8 · Scorpion ×6
Feudal
11:26
Castle
15:01
Imperial
29:43
| APM avg | 64.4 |
| APM peak | 123 |
| eAPM avg | 31.2 |
| Villagers / military | 202 / 603 |
Focus
⚔️ 37.4% · 🌾 62.6%
Skirmisher ×341 · Bombard Cannon ×126 · Battering Ram ×89 · Trade Cart ×58 · Hand Cannoneer ×37 · Scorpion ×5
Feudal
10:59
Castle
14:52
Imperial
28:32
| APM avg | 40.1 |
| APM peak | 104 |
| eAPM avg | 22.7 |
| Villagers / military | 142 / 629 |
Focus
⚔️ 44.5% · 🌾 55.5%
Spearman ×399 · Elephant Archer ×149 · Mangonel ×39 · Armored Elephant ×38 · Trade Cart ×25 · Trebuchet (Packed) ×3
Feudal
11:18
Castle
16:44
Imperial
30:50
| APM avg | 36.6 |
| APM peak | 89 |
| eAPM avg | 25.5 |
| Villagers / military | 166 / 444 |
Focus
⚔️ 43.6% · 🌾 56.4%
Knight ×196 · Scout Cavalry ×193 · Battering Ram ×47 · Trade Cart ×21 · Trebuchet (Packed) ×7 · Monk ×1
Feudal
14:35
Castle
30:24
Imperial
41:33
| APM avg | 27.7 |
| APM peak | 60 |
| eAPM avg | 19.9 |
| Villagers / military | 148 / 475 |
Focus
⚔️ 54.7% · 🌾 45.3%
Spearman ×431 · Archer ×24 · Trebuchet (Packed) ×17 · Militia ×3
Feudal
11:26
Castle
19:49
Imperial
32:38
| APM avg | 38.2 |
| APM peak | 71 |
| eAPM avg | 24.5 |
| Villagers / military | 162 / 783 |
Focus
⚔️ 39.4% · 🌾 60.6%
Skirmisher ×390 · Militia ×308 · Archer ×60 · Trade Cart ×60 · Trebuchet (Packed) ×25
Feudal
—
Castle
—
Imperial
—
| APM avg | 47.6 |
| APM peak | 104 |
| eAPM avg | 26.0 |
| Villagers / military | 223 / 825 |
Focus
⚔️ 33.7% · 🌾 66.3%
Skirmisher ×369 · Spearman ×237 · Hand Cannoneer ×67 · Bombard Cannon ×65 · Trade Cart ×58 · Militia ×57
Match map
Initial resources + every placement click. Lines = walls · curves = elevation contours. ◆ gold · ⬟ stone · ● berries · ✦ relic · ◌ wall gap
Your base· ✓ Closed at 19:32 · 47t walls · no gate
brunol1901's base· ✓ Closed at 21:09 · 65t walls · no gate
[KoFu] Might_lloll's base· ✓ Closed at 15:01 · 0t walls · 3 gate(s)
Pandora_heart's base· ✓ Closed at 14:52 · 0t walls · no gate
Xtreme | ticohzao's base· ✓ Closed at 16:44 · 15t walls · 1 gate(s)
Full power No shower's base· ✓ Closed at 30:24 · 46t walls · 2 gate(s)
mano do age's base· ✓ Closed at 19:49 · 44t walls · 1 gate(s)
SINNER1098's base· ✓ Closed at 13:51 · 0t walls · no gate
Smoothed initial terrain · ◌ = detected wall gap · hover for details
Inputs per minute
— Giacomo - - brunol1901
Build order — Giacomo
First 150 of 869 actions detected
| 0:02 | Create | Villager (Male) |
| 0:02 | Create | Villager (Male) |
| 0:03 | Build | House |
| 0:04 | Build | House |
| 0:06 | Research | Loom |
| 0:06 | Create | Villager (Male) |
| 0:29 | Create | Villager (Male) |
| 0:29 | Create | Villager (Male) |
| 0:30 | Create | Villager (Male) |
| 1:56 | Create | Villager (Male) |
| 1:56 | Create | Villager (Male) |
| 2:58 | Create | Villager (Male) |
| 2:58 | Create | Villager (Male) |
| 3:58 | Build | Palisade Wall |
| 4:10 | Create | Villager (Male) |
| 4:10 | Create | Villager (Male) |
| 4:15 | Build | Lumber Camp |
| 4:22 | Build | Palisade Wall |
| 4:24 | Build | Palisade Wall |
| 4:40 | Create | Villager (Male) |
| 4:41 | Create | Villager (Male) |
| 5:03 | Build | Palisade Wall |
| 5:09 | Create | Villager (Male) |
| 5:10 | Create | Villager (Male) |
| 5:17 | Build | Palisade Wall |
| 5:35 | Create | Villager (Male) |
| 6:10 | Build | House |
| 6:15 | Create | Villager (Male) |
| 6:38 | Build | Palisade Wall |
| 6:42 | Create | Villager (Male) |
| 7:05 | Create | Villager (Male) |
| 7:12 | Build | Mill |
| 7:15 | Create | Villager (Male) |
| 7:46 | Create | Villager (Male) |
| 7:54 | Create | Villager (Male) |
| 8:07 | Build | House |
| 8:39 | Create | Villager (Male) |
| 8:51 | Create | Villager (Male) |
| 9:16 | Create | Villager (Male) |
| 10:16 | Research | Feudal Age |
| 10:16 | Research | Feudal Age |
| 10:39 | Build | Mining Camp |
| 11:14 | Build | House |
| 12:03 | Create | Villager (Male) |
| 12:03 | Create | Villager (Male) |
| 12:10 | Build | Palisade Wall |
| 12:26 | Age | Feudal Age |
| 12:30 | Build | Stone Wall |
| 12:37 | Create | Villager (Male) |
| 12:44 | Create | Villager (Male) |
| 12:53 | Build | Stone Wall |
| 13:15 | Build | Watch Tower |
| 13:18 | Research | Double-Bit Axe |
| 13:31 | Build | Stone Wall |
| 13:36 | Create | Villager (Male) |
| 14:10 | Build | House |
| 14:39 | Build | House |
| 14:53 | Build | House |
| 14:59 | Create | Villager (Male) |
| 15:25 | Create | Villager (Male) |
| 15:47 | Create | Villager (Male) |
| 15:48 | Create | Villager (Male) |
| 15:55 | Build | Market |
| 16:19 | Build | Blacksmith |
| 16:33 | Create | Villager (Male) |
| 16:43 | Build | Mining Camp |
| 16:52 | Research | Castle Age |
| 16:52 | Research | Castle Age |
| 16:59 | Build | House |
| 17:00 | Build | House |
| 17:00 | Build | House |
| 17:26 | Build | Lumber Camp |
| 17:36 | Create | Villager (Male) |
| 17:36 | Create | Villager (Male) |
| 17:38 | Research | Horse Collar |
| 18:17 | Build | Farm |
| 18:19 | Build | Farm |
| 18:22 | Build | Farm |
| 18:24 | Build | Farm |
| 18:30 | Build | House |
| 19:22 | Build | Stone Wall |
| 19:24 | Build | Stone Wall |
| 19:26 | Build | Stone Wall |
| 19:32 | Age | Castle Age |
| 19:34 | Build | Town Center |
| 19:39 | Build | Town Center |
| 19:40 | Research | Bow Saw |
| 19:59 | Build | Outpost |
| 20:00 | Research | Town Watch |
| 20:01 | Create | Villager (Male) |
| 20:13 | Build | Outpost |
| 20:22 | Build | Farm |
| 20:24 | Build | Farm |
| 20:25 | Build | Farm |
| 20:27 | Build | Farm |
| 20:28 | Create | Villager (Male) |
| 20:42 | Create | Villager (Male) |
| 20:42 | Create | Villager (Male) |
| 20:58 | Create | Villager (Male) |
| 20:58 | Create | Villager (Male) |
| 21:12 | Build | Outpost |
| 21:14 | Build | Stone Wall |
| 21:16 | Create | Villager (Male) |
| 21:17 | Create | Villager (Male) |
| 21:21 | Build | Farm |
| 21:22 | Build | Farm |
| 21:27 | Build | Farm |
| 21:28 | Build | Farm |
| 21:29 | Create | Villager (Male) |
| 21:41 | Build | Farm |
| 21:44 | Build | Farm |
| 21:57 | Build | Stone Wall |
| 21:59 | Build | Stone Wall |
| 21:59 | Build | Stone Wall |
| 22:01 | Create | Villager (Male) |
| 22:01 | Create | Villager (Male) |
| 22:03 | Build | Farm |
| 22:04 | Build | Farm |
| 22:06 | Build | Farm |
| 22:08 | Build | Farm |
| 22:10 | Build | Farm |
| 22:11 | Create | Villager (Male) |
| 22:16 | Create | Villager (Male) |
| 22:16 | Create | Villager (Male) |
| 22:19 | Build | Farm |
| 22:23 | Create | Villager (Male) |
| 22:41 | Create | Villager (Male) |
| 22:41 | Create | Villager (Male) |
| 22:46 | Create | Villager (Male) |
| 22:46 | Create | Villager (Male) |
| 22:50 | Build | Town Center |
| 22:53 | Create | Villager (Male) |
| 23:00 | Build | Farm |
| 23:05 | Create | Villager (Male) |
| 23:11 | Build | Farm |
| 23:14 | Build | Farm |
| 23:15 | Build | Farm |
| 23:17 | Create | Villager (Male) |
| 23:24 | Create | Villager (Male) |
| 23:25 | Create | Villager (Male) |
| 23:41 | Build | Market |
| 23:44 | Build | Outpost |
| 23:45 | Create | Villager (Male) |
| 23:45 | Create | Villager (Male) |
| 23:45 | Create | Villager (Male) |
| 23:53 | Create | Villager (Male) |
| 23:53 | Create | Villager (Male) |
| 23:59 | Build | Farm |
| 24:00 | Create | Villager (Male) |
| 24:06 | Create | Villager (Male) |
Build order — brunol1901
First 150 of 1038 actions detected
| 0:01 | Create | Villager (Male) |
| 0:01 | Create | Villager (Male) |
| 0:01 | Create | Villager (Male) |
| 0:04 | Build | House |
| 0:08 | Build | House |
| 0:17 | Create | Villager (Male) |
| 0:17 | Create | Villager (Male) |
| 0:25 | Research | Loom |
| 0:41 | Build | Palisade Wall |
| 1:23 | Create | Villager (Male) |
| 1:23 | Create | Villager (Male) |
| 1:23 | Create | Villager (Male) |
| 1:35 | Build | Lumber Camp |
| 2:06 | Create | Villager (Male) |
| 2:06 | Create | Villager (Male) |
| 2:45 | Create | Villager (Male) |
| 2:45 | Create | Villager (Male) |
| 3:10 | Create | Villager (Male) |
| 3:11 | Create | Villager (Male) |
| 3:43 | Create | Villager (Male) |
| 3:43 | Create | Villager (Male) |
| 4:06 | Create | Villager (Male) |
| 4:06 | Create | Villager (Male) |
| 4:35 | Build | House |
| 4:57 | Build | Palisade Wall |
| 5:59 | Create | Villager (Male) |
| 5:59 | Create | Villager (Male) |
| 5:59 | Create | Villager (Male) |
| 6:10 | Build | Palisade Wall |
| 6:16 | Create | Villager (Male) |
| 6:16 | Create | Villager (Male) |
| 6:17 | Create | Villager (Male) |
| 6:35 | Create | Villager (Male) |
| 6:36 | Create | Villager (Male) |
| 7:00 | Create | Villager (Male) |
| 7:37 | Create | Villager (Male) |
| 7:38 | Create | Villager (Male) |
| 7:55 | Create | Villager (Male) |
| 8:04 | Create | Villager (Male) |
| 8:07 | Create | Villager (Male) |
| 8:19 | Build | Mill |
| 8:40 | Build | House |
| 9:02 | Create | Villager (Male) |
| 9:02 | Create | Villager (Male) |
| 9:28 | Create | Villager (Male) |
| 9:28 | Create | Villager (Male) |
| 9:49 | Build | Palisade Wall |
| 9:57 | Build | Palisade Wall |
| 10:12 | Create | Villager (Male) |
| 10:13 | Create | Villager (Male) |
| 10:20 | Build | Lumber Camp |
| 10:40 | Build | Palisade Wall |
| 10:41 | Build | Palisade Wall |
| 11:31 | Build | House |
| 11:33 | Create | Villager (Male) |
| 12:20 | Build | Mill |
| 12:37 | Build | Palisade Wall |
| 12:38 | Build | Palisade Wall |
| 12:39 | Build | Palisade Wall |
| 12:40 | Build | Palisade Wall |
| 12:40 | Build | Palisade Wall |
| 12:41 | Build | Palisade Wall |
| 12:42 | Build | Palisade Wall |
| 12:56 | Create | Villager (Male) |
| 12:59 | Build | House |
| 13:33 | Create | Villager (Male) |
| 13:39 | Build | House |
| 13:56 | Create | Villager (Male) |
| 13:57 | Research | Feudal Age |
| 14:04 | Build | Mining Camp |
| 14:09 | Build | House |
| 14:32 | Build | Palisade Wall |
| 14:33 | Build | Palisade Wall |
| 14:34 | Build | Palisade Wall |
| 14:35 | Build | Palisade Wall |
| 14:35 | Build | Palisade Wall |
| 14:35 | Build | Palisade Wall |
| 14:36 | Build | Palisade Wall |
| 14:36 | Build | Palisade Wall |
| 14:37 | Build | Palisade Wall |
| 14:37 | Build | Palisade Wall |
| 14:41 | Research | Feudal Age |
| 14:41 | Research | Feudal Age |
| 15:04 | Build | Palisade Wall |
| 15:16 | Build | Farm |
| 15:19 | Build | Farm |
| 15:37 | Build | Palisade Wall |
| 15:47 | Build | Farm |
| 15:50 | Build | Farm |
| 16:00 | Build | Palisade Wall |
| 16:01 | Build | Palisade Wall |
| 16:01 | Build | Palisade Wall |
| 16:02 | Build | Palisade Wall |
| 16:02 | Build | Palisade Wall |
| 16:03 | Build | Palisade Wall |
| 16:03 | Build | Palisade Wall |
| 16:03 | Build | Palisade Wall |
| 16:04 | Build | Palisade Wall |
| 16:04 | Build | Palisade Wall |
| 16:04 | Build | Palisade Wall |
| 16:51 | Age | Feudal Age |
| 16:58 | Create | Villager (Male) |
| 16:59 | Create | Villager (Male) |
| 17:04 | Build | Market |
| 17:09 | Build | Blacksmith |
| 18:29 | Research | Castle Age |
| 18:29 | Research | Castle Age |
| 19:18 | Research | Double-Bit Axe |
| 19:19 | Research | Double-Bit Axe |
| 19:26 | Build | Farm |
| 19:29 | Build | Farm |
| 19:30 | Build | Farm |
| 19:31 | Build | Farm |
| 19:35 | Build | Farm |
| 19:41 | Research | Horse Collar |
| 19:41 | Research | Horse Collar |
| 21:09 | Age | Castle Age |
| 21:12 | Build | Town Center |
| 21:13 | Create | Villager (Male) |
| 21:17 | Build | Siege Workshop |
| 21:28 | Build | Town Center |
| 21:34 | Create | Villager (Male) |
| 21:35 | Research | Bow Saw |
| 21:39 | Create | Scorpion |
| 21:39 | Create | Scorpion |
| 21:40 | Create | Scorpion |
| 21:48 | Create | Villager (Male) |
| 21:56 | Build | Farm |
| 22:06 | Create | Villager (Male) |
| 22:47 | Create | Scorpion |
| 22:57 | Create | Villager (Male) |
| 23:10 | Create | Scorpion |
| 23:28 | Create | Villager (Male) |
| 23:46 | Create | Villager (Male) |
| 23:46 | Create | Villager (Male) |
| 23:47 | Create | Villager (Male) |
| 23:50 | Build | Farm |
| 23:51 | Create | Villager (Male) |
| 24:01 | Build | Farm |
| 24:05 | Build | Farm |
| 24:05 | Create | Villager (Male) |
| 24:14 | Build | Farm |
| 24:16 | Create | Villager (Male) |
| 24:19 | Build | Farm |
| 24:35 | Build | Farm |
| 24:36 | Create | Villager (Male) |
| 24:40 | Build | Farm |
| 24:42 | Build | Farm |
| 24:43 | Build | Farm |
| 24:43 | Build | Farm |
Build order — [KoFu] Might_lloll
First 150 of 644 actions detected
| 0:01 | Create | Villager (Male) |
| 0:01 | Create | Villager (Male) |
| 0:02 | Build | House |
| 0:04 | Build | House |
| 0:06 | Create | Villager (Male) |
| 0:06 | Create | Villager (Male) |
| 1:26 | Create | Villager (Male) |
| 1:26 | Create | Villager (Male) |
| 2:05 | Create | Villager (Male) |
| 2:24 | Create | Villager (Male) |
| 2:24 | Create | Villager (Male) |
| 2:38 | Build | House |
| 2:55 | Create | Villager (Male) |
| 2:55 | Create | Villager (Male) |
| 3:13 | Create | Villager (Male) |
| 3:13 | Create | Villager (Male) |
| 3:36 | Create | Villager (Male) |
| 3:37 | Create | Villager (Male) |
| 3:55 | Build | Lumber Camp |
| 4:10 | Create | Villager (Male) |
| 4:10 | Create | Villager (Male) |
| 4:39 | Create | Villager (Male) |
| 4:39 | Create | Villager (Male) |
| 5:14 | Build | House |
| 5:31 | Create | Villager (Male) |
| 5:31 | Create | Villager (Male) |
| 6:08 | Create | Villager (Male) |
| 6:18 | Create | Villager (Male) |
| 6:25 | Build | Mill |
| 6:34 | Create | Villager (Male) |
| 6:34 | Create | Villager (Male) |
| 6:49 | Build | House |
| 7:34 | Create | Villager (Male) |
| 8:02 | Create | Villager (Male) |
| 8:18 | Create | Villager (Male) |
| 8:24 | Create | Villager (Male) |
| 8:32 | Build | Mining Camp |
| 9:02 | Research | Feudal Age |
| 9:02 | Research | Feudal Age |
| 9:30 | Create | Villager (Male) |
| 9:31 | Create | Villager (Male) |
| 10:20 | Build | House |
| 11:26 | Age | Feudal Age |
| 11:34 | Build | Market |
| 11:37 | Build | Blacksmith |
| 12:21 | Research | Castle Age |
| 12:21 | Research | Castle Age |
| 12:28 | Research | Horse Collar |
| 12:29 | Research | Double-Bit Axe |
| 14:15 | Build | Palisade Gate |
| 14:19 | Build | Palisade Gate |
| 14:26 | Build | Palisade Gate |
| 15:01 | Age | Castle Age |
| 15:03 | Build | Farm |
| 15:04 | Build | Town Center |
| 15:07 | Build | Town Center |
| 15:11 | Build | Farm |
| 15:15 | Create | Villager (Male) |
| 15:15 | Create | Villager (Male) |
| 15:16 | Create | Villager (Male) |
| 15:16 | Create | Villager (Male) |
| 15:26 | Build | Monastery |
| 15:48 | Create | Villager (Male) |
| 15:49 | Create | Villager (Male) |
| 15:51 | Build | Farm |
| 15:53 | Create | Monk |
| 16:05 | Create | Villager (Male) |
| 16:05 | Create | Villager (Male) |
| 16:08 | Build | Farm |
| 16:15 | Create | Villager (Male) |
| 16:15 | Create | Villager (Male) |
| 16:22 | Create | Villager (Male) |
| 16:22 | Create | Villager (Male) |
| 16:25 | Create | Villager (Male) |
| 16:26 | Create | Villager (Male) |
| 16:26 | Create | Villager (Male) |
| 16:26 | Create | Villager (Male) |
| 16:26 | Create | Villager (Male) |
| 16:26 | Create | Villager (Male) |
| 16:31 | Create | Monk |
| 16:42 | Build | House |
| 16:44 | Build | Palisade Wall |
| 16:53 | Create | Villager (Male) |
| 16:53 | Create | Villager (Male) |
| 16:53 | Create | Villager (Male) |
| 16:55 | Build | Farm |
| 16:56 | Build | Farm |
| 16:57 | Build | Farm |
| 17:05 | Research | Fervor |
| 17:17 | Build | House |
| 17:33 | Create | Villager (Male) |
| 17:33 | Create | Villager (Male) |
| 17:36 | Build | Farm |
| 17:44 | Build | Farm |
| 17:47 | Build | Farm |
| 17:49 | Create | Villager (Male) |
| 18:02 | Build | Farm |
| 18:05 | Build | Farm |
| 18:09 | Build | Farm |
| 18:11 | Create | Villager (Male) |
| 18:11 | Create | Villager (Male) |
| 18:19 | Build | House |
| 18:28 | Build | Farm |
| 18:28 | Build | Farm |
| 18:31 | Create | Villager (Male) |
| 18:31 | Create | Villager (Male) |
| 18:31 | Create | Villager (Male) |
| 18:33 | Build | Farm |
| 18:45 | Create | Villager (Male) |
| 18:46 | Create | Villager (Male) |
| 18:46 | Create | Villager (Male) |
| 18:48 | Build | Farm |
| 18:53 | Build | House |
| 18:54 | Create | Villager (Male) |
| 18:54 | Create | Villager (Male) |
| 19:09 | Create | Villager (Male) |
| 19:09 | Create | Villager (Male) |
| 19:13 | Build | Farm |
| 19:14 | Build | Farm |
| 19:15 | Create | Villager (Male) |
| 19:15 | Create | Villager (Male) |
| 19:23 | Build | Farm |
| 19:26 | Build | Farm |
| 19:28 | Build | House |
| 19:30 | Create | Villager (Male) |
| 19:35 | Create | Villager (Male) |
| 19:45 | Create | Villager (Male) |
| 19:46 | Create | Villager (Male) |
| 19:50 | Build | Farm |
| 19:50 | Build | Farm |
| 19:52 | Build | Mill |
| 19:53 | Build | Farm |
| 19:57 | Create | Villager (Male) |
| 19:59 | Create | Villager (Male) |
| 20:05 | Create | Villager (Male) |
| 20:05 | Create | Villager (Male) |
| 20:05 | Create | Villager (Male) |
| 20:38 | Create | Villager (Male) |
| 20:39 | Create | Villager (Male) |
| 20:39 | Create | Villager (Male) |
| 20:39 | Create | Villager (Male) |
| 20:39 | Create | Villager (Male) |
| 20:40 | Create | Villager (Male) |
| 20:40 | Create | Villager (Male) |
| 20:44 | Build | Town Center |
| 20:46 | Create | Villager (Male) |
| 20:46 | Create | Villager (Male) |
| 20:53 | Build | Farm |
| 20:55 | Build | Farm |
| 20:59 | Create | Villager (Male) |
Build order — Pandora_heart
First 150 of 750 actions detected
| 0:03 | Create | Villager (Male) ×4 |
| 0:04 | Build | House |
| 0:06 | Build | House |
| 1:30 | Create | Villager (Male) |
| 1:30 | Create | Villager (Male) |
| 2:01 | Create | Villager (Male) |
| 2:20 | Create | Villager (Male) |
| 2:51 | Build | Lumber Camp |
| 2:52 | Create | Villager (Male) |
| 3:09 | Create | Villager (Male) |
| 3:09 | Create | Villager (Male) |
| 3:44 | Create | Villager (Male) |
| 3:54 | Create | Villager (Male) |
| 3:59 | Build | House |
| 4:31 | Create | Villager (Male) |
| 4:41 | Build | Mill |
| 4:53 | Create | Villager (Male) |
| 4:53 | Create | Villager (Male) |
| 4:54 | Create | Villager (Male) |
| 5:25 | Create | Villager (Male) |
| 5:25 | Create | Villager (Male) |
| 6:01 | Build | House |
| 6:05 | Create | Villager (Male) |
| 6:20 | Create | Villager (Male) |
| 6:49 | Create | Villager (Male) |
| 7:17 | Build | Mining Camp |
| 7:21 | Create | Villager (Male) |
| 7:59 | Create | Villager (Male) |
| 7:59 | Create | Villager (Male) |
| 8:30 | Build | Lumber Camp |
| 8:36 | Build | Farm |
| 8:37 | Build | Farm |
| 8:39 | Research | Feudal Age |
| 9:32 | Build | Farm |
| 9:34 | Build | Farm |
| 9:43 | Build | House |
| 9:47 | Build | House |
| 10:59 | Age | Feudal Age |
| 11:01 | Create | Villager (Male) |
| 11:02 | Create | Villager (Male) |
| 11:03 | Build | Market |
| 11:04 | Build | Blacksmith |
| 12:12 | Research | Castle Age |
| 12:12 | Research | Castle Age |
| 12:52 | Research | Double-Bit Axe |
| 13:08 | Research | Horse Collar |
| 13:09 | Research | Horse Collar |
| 13:42 | Build | House |
| 13:43 | Build | House |
| 13:54 | Build | Farm |
| 13:57 | Build | Farm |
| 14:30 | Create | Villager (Male) |
| 14:31 | Create | Villager (Male) |
| 14:52 | Age | Castle Age |
| 15:07 | Build | Town Center |
| 15:10 | Create | Villager (Male) |
| 15:10 | Create | Villager (Male) |
| 15:13 | Build | House |
| 15:17 | Build | House |
| 15:20 | Build | House |
| 15:21 | Build | House |
| 15:24 | Create | Villager (Male) |
| 15:29 | Research | Heavy Plow |
| 15:29 | Research | Heavy Plow |
| 15:34 | Research | Bow Saw |
| 15:36 | Create | Villager (Male) |
| 15:43 | Build | Town Center |
| 15:49 | Build | Town Center |
| 15:56 | Build | Farm |
| 15:58 | Create | Villager (Male) |
| 16:01 | Build | Farm |
| 16:05 | Build | House |
| 16:07 | Build | House |
| 16:10 | Build | House |
| 16:11 | Create | Villager (Male) |
| 16:12 | Create | Villager (Male) |
| 16:24 | Build | Farm |
| 16:27 | Build | Farm |
| 16:32 | Create | Villager (Male) |
| 16:53 | Create | Villager (Male) |
| 16:59 | Create | Villager (Male) |
| 17:03 | Build | Mining Camp |
| 17:09 | Create | Villager (Male) |
| 17:09 | Create | Villager (Male) |
| 17:11 | Build | House |
| 17:17 | Build | House |
| 17:19 | Build | House |
| 17:21 | Create | Villager (Male) |
| 17:43 | Create | Villager (Male) |
| 17:45 | Create | Villager (Male) |
| 17:47 | Create | Villager (Male) |
| 17:53 | Build | Farm |
| 18:01 | Build | Monastery |
| 18:03 | Create | Villager (Male) |
| 18:08 | Build | Farm |
| 18:11 | Build | Farm |
| 18:12 | Build | Farm |
| 18:13 | Build | Farm |
| 18:18 | Build | Farm |
| 18:28 | Research | Wheelbarrow |
| 18:28 | Research | Wheelbarrow |
| 18:28 | Research | Wheelbarrow |
| 18:30 | Create | Villager (Male) |
| 18:34 | Build | Farm |
| 18:41 | Create | Villager (Male) |
| 18:47 | Create | Villager (Male) |
| 19:02 | Create | Villager (Male) |
| 19:02 | Create | Villager (Male) |
| 19:05 | Build | House |
| 19:08 | Create | Villager (Male) |
| 19:23 | Build | Town Center |
| 19:24 | Create | Monk |
| 19:32 | Create | Villager (Male) |
| 19:37 | Create | Villager (Male) |
| 19:44 | Build | House |
| 19:45 | Build | Farm |
| 19:47 | Create | Villager (Male) |
| 19:54 | Create | Villager (Male) |
| 19:56 | Build | Farm |
| 19:57 | Create | Villager (Male) |
| 20:05 | Build | Farm |
| 20:07 | Build | Farm |
| 20:09 | Create | Villager (Male) |
| 20:16 | Build | House |
| 20:19 | Create | Villager (Male) |
| 20:21 | Build | Farm |
| 20:23 | Create | Villager (Male) |
| 20:28 | Create | Villager (Male) |
| 20:40 | Build | Lumber Camp |
| 20:41 | Create | Villager (Male) |
| 20:48 | Build | House |
| 20:50 | Build | House |
| 20:52 | Build | House |
| 20:54 | Create | Villager (Male) |
| 20:56 | Build | Farm |
| 21:07 | Build | Farm |
| 21:11 | Create | Villager (Male) |
| 21:11 | Create | Villager (Male) |
| 21:15 | Create | Villager (Male) |
| 21:15 | Create | Villager (Male) |
| 21:20 | Create | Villager (Male) |
| 21:23 | Build | Farm |
| 21:24 | Build | Farm |
| 21:31 | Build | Farm |
| 21:32 | Create | Villager (Male) |
| 21:38 | Create | Villager (Male) |
| 21:41 | Build | Farm |
| 21:46 | Build | Farm |
| 21:47 | Create | Villager (Male) |
| 21:50 | Build | Farm |
Build order — Xtreme | ticohzao
First 150 of 860 actions detected
| 0:01 | Create | Villager (Male) |
| 0:02 | Create | Villager (Male) |
| 0:02 | Create | Villager (Male) |
| 0:16 | Create | Villager (Male) |
| 0:16 | Create | Villager (Male) |
| 0:16 | Create | Villager (Male) |
| 0:30 | Build | House |
| 1:02 | Build | House |
| 1:03 | Build | House |
| 1:45 | Create | Villager (Male) |
| 1:45 | Create | Villager (Male) |
| 2:48 | Create | Villager (Male) |
| 2:48 | Create | Villager (Male) |
| 3:34 | Build | Lumber Camp |
| 3:47 | Create | Villager (Male) |
| 3:47 | Create | Villager (Male) |
| 3:47 | Create | Villager (Male) |
| 4:43 | Create | Villager (Male) |
| 4:43 | Create | Villager (Male) |
| 4:43 | Create | Villager (Male) |
| 5:35 | Create | Villager (Male) |
| 5:41 | Build | House |
| 6:03 | Research | Loom |
| 6:04 | Create | Villager (Male) |
| 6:04 | Create | Villager (Male) |
| 6:19 | Create | Villager (Male) |
| 6:20 | Create | Villager (Male) |
| 6:20 | Create | Villager (Male) |
| 7:41 | Create | Villager (Male) |
| 7:41 | Create | Villager (Male) |
| 7:57 | Build | Mill |
| 8:41 | Create | Villager (Male) |
| 8:41 | Create | Villager (Male) |
| 9:13 | Research | Feudal Age |
| 11:07 | Build | Mining Camp |
| 11:15 | Build | House |
| 11:18 | Age | Feudal Age |
| 11:24 | Create | Villager (Male) |
| 11:24 | Create | Villager (Male) |
| 11:24 | Create | Villager (Male) |
| 11:33 | Build | Palisade Gate |
| 11:43 | Build | House |
| 11:54 | Create | Villager (Male) |
| 11:54 | Create | Villager (Male) |
| 12:02 | Build | Market |
| 12:05 | Build | Blacksmith |
| 12:18 | Build | Stone Wall |
| 12:28 | Build | Stone Wall |
| 12:39 | Build | House |
| 13:03 | Build | Farm |
| 13:05 | Build | Farm |
| 13:16 | Build | House |
| 13:18 | Build | House |
| 13:48 | Create | Villager (Male) |
| 13:48 | Create | Villager (Male) |
| 14:04 | Build | Farm |
| 14:19 | Research | Castle Age |
| 14:19 | Research | Castle Age |
| 14:27 | Build | Farm |
| 14:54 | Research | Double-Bit Axe |
| 14:54 | Research | Double-Bit Axe |
| 15:38 | Create | Villager (Male) |
| 15:39 | Create | Villager (Male) |
| 15:51 | Build | House |
| 16:09 | Build | Farm |
| 16:09 | Build | Farm |
| 16:10 | Build | Farm |
| 16:20 | Build | Farm |
| 16:23 | Build | Farm |
| 16:44 | Age | Castle Age |
| 16:48 | Build | Town Center |
| 17:10 | Create | Villager (Male) |
| 17:13 | Build | Farm |
| 17:14 | Build | Farm |
| 17:15 | Build | Farm |
| 17:22 | Build | Farm |
| 17:37 | Build | Town Center |
| 17:51 | Create | Villager (Male) |
| 17:52 | Create | Villager (Male) |
| 17:54 | Build | Farm |
| 18:03 | Research | Bow Saw |
| 18:03 | Research | Bow Saw |
| 18:12 | Create | Villager (Male) |
| 18:12 | Create | Villager (Male) |
| 18:21 | Create | Villager (Male) |
| 18:42 | Create | Villager (Male) |
| 18:42 | Create | Villager (Male) |
| 19:03 | Create | Villager (Male) |
| 19:04 | Create | Villager (Male) |
| 19:04 | Create | Villager (Male) |
| 19:06 | Build | Farm |
| 19:07 | Build | Farm |
| 19:09 | Build | Farm |
| 19:13 | Build | Farm |
| 19:15 | Create | Villager (Male) |
| 19:16 | Create | Villager (Male) |
| 19:29 | Build | Lumber Camp |
| 19:32 | Create | Villager (Male) |
| 19:38 | Create | Villager (Male) |
| 19:43 | Create | Villager (Male) |
| 19:44 | Create | Villager (Male) |
| 19:47 | Build | Farm |
| 19:56 | Create | Villager (Male) |
| 20:14 | Create | Villager (Male) |
| 20:17 | Create | Villager (Male) |
| 20:18 | Create | Villager (Male) |
| 20:23 | Build | Farm |
| 20:26 | Build | Farm |
| 20:28 | Create | Villager (Male) |
| 20:28 | Create | Villager (Male) |
| 20:43 | Build | Farm |
| 20:46 | Build | Farm |
| 20:48 | Build | Farm |
| 20:50 | Build | Farm |
| 20:54 | Create | Villager (Male) |
| 20:54 | Create | Villager (Male) |
| 20:54 | Create | Villager (Male) |
| 20:58 | Build | Lumber Camp |
| 21:15 | Create | Villager (Male) |
| 21:17 | Create | Villager (Male) |
| 21:17 | Create | Villager (Male) |
| 21:27 | Build | Farm |
| 21:32 | Research | Gold Mining |
| 21:33 | Research | Gold Mining |
| 21:40 | Create | Villager (Male) |
| 21:40 | Create | Villager (Male) |
| 21:53 | Create | Villager (Male) |
| 22:09 | Build | House |
| 22:11 | Build | House |
| 22:12 | Build | House |
| 22:17 | Build | Farm |
| 22:18 | Create | Villager (Male) |
| 22:22 | Research | Wheelbarrow |
| 22:22 | Research | Wheelbarrow |
| 22:25 | Research | Horse Collar |
| 22:25 | Research | Horse Collar |
| 22:40 | Create | Villager (Male) |
| 22:41 | Create | Villager (Male) |
| 22:43 | Create | Villager (Male) |
| 22:43 | Create | Villager (Male) |
| 22:58 | Create | Villager (Male) |
| 23:00 | Create | Villager (Male) |
| 23:11 | Build | Town Center |
| 23:21 | Create | Villager (Male) |
| 23:25 | Build | Farm |
| 23:27 | Create | Villager (Male) |
| 23:28 | Create | Villager (Male) |
| 23:30 | Create | Villager (Male) |
| 23:30 | Create | Villager (Male) |
| 23:44 | Build | Farm |
Build order — Full power No shower
First 150 of 777 actions detected
| 0:02 | Create | Villager (Male) |
| 0:04 | Build | House |
| 0:05 | Build | House |
| 0:14 | Research | Loom |
| 0:27 | Create | Villager (Male) |
| 0:41 | Create | Villager (Male) |
| 0:41 | Create | Villager (Male) |
| 1:01 | Build | Palisade Wall |
| 1:11 | Build | Palisade Gate |
| 1:14 | Build | Palisade Gate |
| 1:57 | Build | Lumber Camp |
| 2:12 | Build | Palisade Wall |
| 2:14 | Build | Palisade Wall |
| 2:15 | Build | Palisade Wall |
| 2:17 | Build | Palisade Wall |
| 2:17 | Create | Villager (Male) |
| 2:17 | Create | Villager (Male) |
| 2:46 | Create | Villager (Male) |
| 2:46 | Create | Villager (Male) |
| 3:13 | Create | Villager (Male) |
| 3:36 | Create | Villager (Male) |
| 4:04 | Create | Villager (Male) |
| 4:04 | Create | Villager (Male) |
| 4:25 | Build | Palisade Wall |
| 4:35 | Build | Palisade Wall |
| 5:00 | Build | Palisade Wall |
| 5:09 | Build | Palisade Wall |
| 5:13 | Build | Palisade Gate |
| 5:29 | Build | Palisade Wall |
| 5:31 | Build | Palisade Wall |
| 5:45 | Create | Villager (Male) |
| 5:46 | Create | Villager (Male) |
| 5:46 | Create | Villager (Male) |
| 6:01 | Build | Palisade Wall |
| 6:04 | Build | Palisade Wall |
| 6:08 | Create | Villager (Male) |
| 6:32 | Create | Villager (Male) |
| 6:32 | Create | Villager (Male) |
| 6:32 | Create | Villager (Male) |
| 7:04 | Build | Palisade Wall |
| 7:09 | Build | Palisade Wall |
| 7:30 | Build | House |
| 7:48 | Create | Villager (Male) |
| 7:52 | Create | Villager (Male) |
| 7:54 | Build | House |
| 8:10 | Create | Villager (Male) |
| 8:10 | Create | Villager (Male) |
| 9:10 | Create | Villager (Male) |
| 9:33 | Build | Palisade Wall |
| 9:38 | Build | Palisade Wall |
| 9:39 | Build | Palisade Wall |
| 9:42 | Build | Palisade Wall |
| 10:32 | Create | Villager (Male) |
| 10:50 | Create | Villager (Male) |
| 10:54 | Create | Villager (Male) |
| 10:56 | Build | Mill |
| 11:20 | Create | Villager (Male) |
| 11:28 | Build | House |
| 11:57 | Build | Palisade Wall |
| 11:59 | Build | Palisade Wall |
| 12:00 | Build | Palisade Wall |
| 12:12 | Build | Palisade Wall |
| 12:14 | Build | Palisade Wall |
| 12:16 | Build | Palisade Wall |
| 12:17 | Build | Palisade Wall |
| 12:22 | Build | Palisade Wall |
| 12:25 | Research | Feudal Age |
| 12:35 | Build | Palisade Wall |
| 12:41 | Build | Palisade Wall |
| 12:42 | Build | Palisade Wall |
| 12:43 | Build | Palisade Wall |
| 13:08 | Build | Barracks |
| 13:54 | Build | Palisade Wall |
| 14:00 | Build | Palisade Wall |
| 14:02 | Build | Palisade Wall |
| 14:03 | Build | Palisade Wall |
| 14:15 | Create | Villager (Male) |
| 14:18 | Build | Mining Camp |
| 14:35 | Age | Feudal Age |
| 14:48 | Build | Archery Range |
| 15:09 | Build | Blacksmith |
| 15:12 | Create | Villager (Male) |
| 15:28 | Build | Palisade Wall |
| 15:34 | Build | Stone Wall |
| 15:43 | Create | Villager (Male) |
| 15:44 | Create | Villager (Male) |
| 15:47 | Build | Farm |
| 15:48 | Build | Farm |
| 15:50 | Build | Farm |
| 16:11 | Create | Archer |
| 16:15 | Create | Spearman |
| 16:31 | Create | Archer |
| 16:38 | Create | Villager (Male) |
| 16:38 | Create | Villager (Male) |
| 16:42 | Build | House |
| 17:00 | Create | Archer |
| 17:05 | Research | Fletching |
| 17:17 | Create | Archer |
| 17:35 | Create | Villager (Male) |
| 17:37 | Build | House |
| 17:49 | Create | Archer |
| 17:59 | Research | Double-Bit Axe |
| 18:20 | Create | Archer |
| 18:29 | Build | Stone Wall |
| 18:34 | Create | Archer |
| 18:53 | Build | Stone Wall |
| 18:58 | Build | Archery Range |
| 19:07 | Create | Archer |
| 19:08 | Create | Villager (Male) |
| 19:10 | Build | House |
| 19:27 | Create | Archer |
| 19:36 | Create | Villager (Male) |
| 19:36 | Create | Villager (Male) |
| 19:39 | Build | Farm |
| 19:47 | Create | Archer |
| 19:53 | Create | Archer |
| 20:09 | Build | Watch Tower |
| 20:40 | Create | Archer |
| 20:53 | Create | Villager (Male) |
| 20:53 | Create | Villager (Male) |
| 20:56 | Build | Farm |
| 20:58 | Research | Horse Collar |
| 21:00 | Build | Farm |
| 21:02 | Build | Farm |
| 21:20 | Create | Spearman |
| 21:32 | Create | Spearman |
| 21:33 | Create | Villager (Male) |
| 21:36 | Build | House |
| 21:40 | Create | Villager (Male) |
| 22:04 | Create | Archer |
| 23:02 | Create | Archer |
| 23:05 | Create | Militia |
| 23:32 | Create | Villager (Male) |
| 23:38 | Create | Spearman |
| 23:40 | Create | Villager (Male) |
| 24:04 | Create | Archer |
| 24:10 | Create | Militia |
| 24:18 | Create | Villager (Male) |
| 24:19 | Build | Market |
| 24:28 | Build | Mill |
| 24:29 | Build | Farm |
| 24:29 | Build | Farm |
| 24:30 | Build | Farm |
| 24:30 | Build | Farm |
| 24:30 | Build | Farm |
| 24:47 | Create | Archer |
| 24:48 | Create | Archer |
| 24:51 | Create | Villager (Male) |
| 24:51 | Create | Villager (Male) |
| 24:55 | Build | Farm |
Build order — mano do age
First 150 of 627 actions detected
| 0:01 | Create | Villager (Male) |
| 0:01 | Create | Villager (Male) |
| 0:02 | Create | Villager (Male) |
| 0:03 | Build | House |
| 0:06 | Build | House |
| 0:16 | Create | Villager (Male) |
| 0:22 | Research | Loom |
| 0:23 | Create | Villager (Male) |
| 0:44 | Create | Villager (Male) |
| 0:53 | Build | Palisade Wall |
| 0:54 | Build | Palisade Wall |
| 0:57 | Create | Villager (Male) |
| 0:57 | Create | Villager (Male) |
| 1:57 | Create | Villager (Male) |
| 1:57 | Create | Villager (Male) |
| 2:39 | Create | Villager (Male) |
| 2:39 | Create | Villager (Male) |
| 3:12 | Create | Villager (Male) |
| 3:12 | Create | Villager (Male) |
| 3:43 | Create | Villager (Male) |
| 4:07 | Create | Villager (Male) |
| 4:11 | Build | House |
| 4:39 | Create | Villager (Male) |
| 4:39 | Create | Villager (Male) |
| 4:54 | Build | Palisade Wall |
| 4:54 | Build | Palisade Wall |
| 4:55 | Build | Palisade Wall |
| 4:56 | Build | Palisade Wall |
| 4:57 | Build | Palisade Wall |
| 4:58 | Build | Palisade Wall |
| 4:59 | Build | Palisade Wall |
| 4:59 | Build | Palisade Wall |
| 5:00 | Build | Palisade Wall |
| 5:00 | Build | Palisade Wall |
| 5:00 | Build | Palisade Wall |
| 5:01 | Build | Palisade Wall |
| 5:01 | Build | Palisade Wall |
| 5:01 | Build | Palisade Wall |
| 5:01 | Build | Palisade Wall |
| 5:02 | Build | Palisade Wall |
| 5:02 | Build | Palisade Wall |
| 5:06 | Create | Villager (Male) |
| 5:06 | Create | Villager (Male) |
| 5:17 | Build | Lumber Camp |
| 5:17 | Create | Villager (Male) |
| 5:18 | Create | Villager (Male) |
| 5:55 | Create | Villager (Male) |
| 6:00 | Create | Villager (Male) |
| 6:00 | Create | Villager (Male) |
| 6:14 | Build | House |
| 7:05 | Create | Villager (Male) |
| 7:23 | Build | Mill |
| 7:23 | Create | Villager (Male) |
| 7:25 | Create | Villager (Male) |
| 7:27 | Create | Villager (Male) |
| 8:06 | Create | Villager (Male) |
| 8:23 | Create | Villager (Male) |
| 8:49 | Build | Palisade Wall |
| 9:16 | Research | Feudal Age |
| 9:17 | Research | Feudal Age |
| 9:27 | Build | Barracks |
| 9:35 | Build | Mining Camp |
| 10:00 | Build | House |
| 10:02 | Create | Militia |
| 10:02 | Create | Militia |
| 10:37 | Create | Militia |
| 10:41 | Create | Villager (Male) |
| 10:46 | Create | Militia |
| 10:49 | Build | House |
| 11:01 | Build | Mill |
| 11:05 | Create | Militia |
| 11:26 | Age | Feudal Age |
| 11:27 | Research | Man-at-Arms (upgrade) |
| 11:27 | Research | Man-at-Arms (upgrade) |
| 11:31 | Create | Villager (Male) |
| 11:35 | Build | House |
| 11:52 | Create | Militia |
| 11:52 | Create | Villager (Male) |
| 12:01 | Research | Double-Bit Axe |
| 12:12 | Build | Stone Wall |
| 12:14 | Build | Stone Wall |
| 12:18 | Create | Militia |
| 12:23 | Create | Villager (Male) |
| 12:29 | Build | Blacksmith |
| 13:02 | Build | Gate |
| 13:10 | Create | Villager (Male) |
| 13:10 | Create | Villager (Male) |
| 13:27 | Create | Villager (Male) |
| 13:40 | Create | Villager (Male) |
| 13:52 | Build | Farm |
| 13:53 | Build | Farm |
| 13:54 | Build | Farm |
| 13:55 | Build | Farm |
| 13:56 | Build | Farm |
| 14:23 | Create | Villager (Male) |
| 14:30 | Build | House |
| 14:39 | Research | Wheelbarrow |
| 14:39 | Research | Wheelbarrow |
| 14:51 | Create | Villager (Male) |
| 14:53 | Build | Farm |
| 15:23 | Create | Villager (Male) |
| 15:57 | Build | Market |
| 16:05 | Build | Market |
| 16:08 | Create | Villager (Male) |
| 16:10 | Build | Farm |
| 16:39 | Build | Farm |
| 16:57 | Build | Lumber Camp |
| 17:03 | Research | Castle Age |
| 17:03 | Research | Castle Age |
| 17:24 | Build | Farm |
| 17:33 | Research | Horse Collar |
| 17:33 | Research | Horse Collar |
| 17:37 | Build | Mining Camp |
| 17:50 | Build | Farm |
| 17:51 | Build | Farm |
| 17:58 | Create | Villager (Male) |
| 18:56 | Create | Villager (Male) |
| 19:46 | Create | Villager (Male) |
| 19:49 | Age | Castle Age |
| 19:51 | Build | Town Center |
| 19:58 | Build | Town Center |
| 20:04 | Research | Forging |
| 20:04 | Create | Villager (Male) |
| 20:38 | Create | Villager (Male) |
| 20:58 | Build | Town Center |
| 21:01 | Research | Bow Saw |
| 21:01 | Research | Bow Saw |
| 21:04 | Research | Heavy Plow |
| 21:05 | Research | Heavy Plow |
| 21:15 | Create | Villager (Male) ×5 |
| 21:17 | Build | Farm |
| 21:19 | Build | Farm |
| 21:21 | Build | Farm |
| 21:24 | Build | Farm |
| 21:27 | Build | Farm |
| 21:30 | Create | Villager (Male) |
| 21:39 | Build | Farm |
| 21:49 | Build | Farm |
| 22:00 | Build | Outpost |
| 22:02 | Research | Town Watch |
| 22:04 | Create | Villager (Male) |
| 22:08 | Build | Farm |
| 22:10 | Build | Farm |
| 22:15 | Build | Palisade Wall |
| 22:16 | Build | Palisade Wall |
| 22:16 | Build | Palisade Wall |
| 22:17 | Build | Palisade Wall |
| 22:18 | Build | Palisade Wall |
| 22:18 | Build | Palisade Wall |
| 22:22 | Create | Villager (Male) ×2 |
Build order — SINNER1098
First 150 of 651 actions detected
| 0:01 | Create | Villager (Male) |
| 0:01 | Create | Villager (Male) |
| 0:03 | Create | Villager (Male) |
| 0:04 | Build | House |
| 0:05 | Build | House |
| 0:09 | Create | Villager (Male) |
| 1:23 | Create | Villager (Male) |
| 1:59 | Create | Villager (Male) |
| 2:09 | Build | Lumber Camp |
| 2:14 | Create | Villager (Male) |
| 2:55 | Create | Villager (Male) |
| 3:00 | Create | Villager (Male) |
| 3:00 | Create | Villager (Male) |
| 3:31 | Create | Villager (Male) |
| 3:31 | Create | Villager (Male) |
| 3:41 | Create | Villager (Male) |
| 3:42 | Create | Villager (Male) |
| 4:30 | Create | Villager (Male) |
| 4:30 | Create | Villager (Male) |
| 4:45 | Build | House |
| 4:49 | Research | Loom |
| 4:50 | Create | Villager (Male) |
| 5:13 | Create | Villager (Male) |
| 5:58 | Create | Villager (Male) |
| 6:02 | Create | Villager (Male) |
| 6:03 | Create | Villager (Male) |
| 6:13 | Create | Villager (Male) |
| 6:13 | Create | Villager (Male) |
| 6:23 | Create | Villager (Male) |
| 6:25 | Create | Villager (Male) |
| 6:28 | Build | House |
| 6:41 | Build | House |
| 6:59 | Build | Mill |
| 7:50 | Create | Villager (Male) |
| 7:50 | Create | Villager (Male) |
| 7:51 | Create | Villager (Male) |
| 8:02 | Create | Villager (Male) |
| 8:05 | Create | Villager (Male) |
| 8:14 | Create | Villager (Male) |
| 8:40 | Create | Villager (Male) |
| 8:59 | Create | Villager (Male) |
| 9:04 | Build | Mining Camp |
| 9:44 | Create | Villager (Male) |
| 10:10 | Research | Feudal Age |
| 10:47 | Create | Villager (Male) |
| 12:25 | Create | Villager (Male) |
| 12:25 | Create | Villager (Male) |
| 12:31 | Build | Blacksmith |
| 12:38 | Build | Market |
| 13:51 | Research | Castle Age |
| 14:10 | Research | Horse Collar |
| 14:14 | Build | Farm |
| 14:15 | Build | Farm |
| 14:18 | Build | Farm |
| 14:20 | Build | Farm |
| 14:29 | Build | Farm |
| 14:30 | Build | Farm |
| 14:38 | Build | Farm |
| 14:40 | Build | Farm |
| 14:50 | Research | Double-Bit Axe |
| 15:57 | Research | Wheelbarrow |
| 16:25 | Build | House |
| 16:34 | Build | Town Center |
| 16:42 | Build | Monastery |
| 16:48 | Build | Town Center |
| 17:00 | Build | Town Center |
| 17:14 | Create | Villager (Male) |
| 17:15 | Create | Villager (Male) |
| 17:20 | Research | Bow Saw |
| 17:26 | Create | Monk |
| 18:14 | Create | Villager (Male) |
| 18:14 | Create | Villager (Male) |
| 18:17 | Create | Villager (Male) |
| 18:26 | Create | Villager (Male) |
| 18:30 | Build | Farm |
| 18:31 | Build | Farm |
| 18:35 | Create | Villager (Male) |
| 18:52 | Build | Farm |
| 18:53 | Build | Farm |
| 18:55 | Create | Villager (Male) |
| 18:56 | Create | Villager (Male) |
| 18:58 | Build | Farm |
| 18:59 | Build | Farm |
| 19:00 | Build | Farm |
| 19:09 | Build | Farm |
| 19:12 | Build | Farm |
| 19:13 | Build | Farm |
| 19:16 | Research | Fervor |
| 19:16 | Create | Villager (Male) |
| 19:22 | Build | House |
| 19:23 | Build | House |
| 19:24 | Create | Villager (Male) |
| 19:24 | Create | Villager (Male) |
| 19:29 | Build | Farm |
| 19:31 | Create | Villager (Male) |
| 19:44 | Create | Villager (Male) |
| 19:51 | Build | Farm |
| 19:53 | Create | Villager (Male) |
| 19:56 | Build | Farm |
| 19:59 | Build | Farm |
| 19:59 | Create | Villager (Male) |
| 19:59 | Create | Villager (Male) |
| 20:02 | Create | Villager (Male) |
| 20:13 | Create | Villager (Male) |
| 20:16 | Build | Farm |
| 20:18 | Create | Villager (Male) |
| 20:20 | Build | House |
| 20:23 | Build | Farm |
| 20:23 | Create | Villager (Male) |
| 20:27 | Create | Villager (Male) |
| 20:34 | Create | Villager (Male) |
| 20:35 | Create | Villager (Male) |
| 20:40 | Build | Farm |
| 20:41 | Create | Villager (Male) |
| 20:50 | Create | Villager (Male) |
| 20:55 | Build | Farm |
| 20:55 | Create | Villager (Male) |
| 20:58 | Create | Villager (Male) |
| 21:02 | Create | Villager (Male) |
| 21:07 | Create | Villager (Male) |
| 21:10 | Build | Mining Camp |
| 21:12 | Create | Villager (Male) |
| 21:16 | Build | House |
| 21:18 | Create | Villager (Male) |
| 21:24 | Create | Villager (Male) |
| 21:24 | Create | Villager (Male) |
| 21:26 | Create | Villager (Male) |
| 21:32 | Build | Farm |
| 21:34 | Build | Farm |
| 21:34 | Create | Villager (Male) |
| 21:34 | Create | Villager (Male) |
| 21:36 | Create | Villager (Male) |
| 21:37 | Create | Villager (Male) |
| 21:45 | Build | Farm |
| 21:46 | Create | Villager (Male) |
| 21:47 | Create | Villager (Male) |
| 21:47 | Create | Villager (Male) |
| 22:00 | Build | Farm |
| 22:06 | Build | Farm |
| 22:08 | Build | Farm |
| 22:10 | Create | Villager (Male) |
| 22:14 | Build | House |
| 22:25 | Research | Heavy Plow |
| 22:26 | Create | Villager (Male) |
| 22:26 | Create | Villager (Male) |
| 22:27 | Create | Villager (Male) |
| 22:37 | Create | Villager (Male) |
| 22:37 | Create | Villager (Male) |
| 22:40 | Build | House |
| 22:40 | Build | House |
Match timeline
| 0:41 | brunol1901 · wall_segment Palisade Wall x6 |
| 0:53 | mano do age · wall_segment Palisade Wall x8 |
| 0:54 | mano do age · wall_segment Palisade Wall x1 |
| 1:01 | Full power No shower · wall_segment Palisade Wall x9 |
| 2:12 | Full power No shower · wall_segment Palisade Wall x1 |
| 2:14 | Full power No shower · wall_segment Palisade Wall x1 |
| 2:15 | Full power No shower · wall_segment Palisade Wall x1 |
| 2:17 | Full power No shower · wall_segment Palisade Wall x1 |
| 3:58 | Giacomo · wall_segment Palisade Wall x11 |
| 4:22 | Giacomo · wall_segment Palisade Wall x3 |
| 4:24 | Giacomo · wall_segment Palisade Wall x2 |
| 4:25 | Full power No shower · wall_segment Palisade Wall x1 |
| 4:35 | Full power No shower · wall_segment Palisade Wall x1 |
| 4:54 | mano do age · wall_segment Palisade Wall x1 |
| 4:54 | mano do age · wall_segment Palisade Wall x1 |
| 4:55 | mano do age · wall_segment Palisade Wall x1 |
| 4:56 | mano do age · wall_segment Palisade Wall x1 |
| 4:57 | mano do age · wall_segment Palisade Wall x1 |
| 4:57 | brunol1901 · wall_segment Palisade Wall x1 |
| 4:58 | mano do age · wall_segment Palisade Wall x1 |
| 4:59 | mano do age · wall_segment Palisade Wall x1 |
| 4:59 | mano do age · wall_segment Palisade Wall x2 |
| 5:00 | mano do age · wall_segment Palisade Wall x2 |
| 5:00 | Full power No shower · wall_segment Palisade Wall x1 |
| 5:00 | mano do age · wall_segment Palisade Wall x1 |
| 5:00 | mano do age · wall_segment Palisade Wall x2 |
| 5:01 | mano do age · wall_segment Palisade Wall x2 |
| 5:01 | mano do age · wall_segment Palisade Wall x2 |
| 5:01 | mano do age · wall_segment Palisade Wall x1 |
| 5:01 | mano do age · wall_segment Palisade Wall x2 |
| 5:02 | mano do age · wall_segment Palisade Wall x1 |
| 5:02 | mano do age · wall_segment Palisade Wall x1 |
| 5:03 | Giacomo · wall_segment Palisade Wall x1 |
| 5:09 | Full power No shower · wall_segment Palisade Wall x3 |
| 5:17 | Giacomo · wall_segment Palisade Wall x1 |
| 5:29 | Full power No shower · wall_segment Palisade Wall x1 |
| 5:31 | Full power No shower · wall_segment Palisade Wall x1 |
| 6:01 | Full power No shower · wall_segment Palisade Wall x1 |
| 6:04 | Full power No shower · wall_segment Palisade Wall x1 |
| 6:10 | brunol1901 · wall_segment Palisade Wall x10 |
| 6:38 | Giacomo · wall_segment Palisade Wall x7 |
| 7:04 | Full power No shower · wall_segment Palisade Wall x1 |
| 7:09 | Full power No shower · wall_segment Palisade Wall x1 |
| 8:49 | mano do age · wall_segment Palisade Wall x1 |
| 9:27 | mano do age · first_building Barracks |
| 9:33 | Full power No shower · wall_segment Palisade Wall x1 |
| 9:38 | Full power No shower · wall_segment Palisade Wall x1 |
| 9:39 | Full power No shower · wall_segment Palisade Wall x2 |
| 9:42 | Full power No shower · wall_segment Palisade Wall x1 |
| 9:49 | brunol1901 · wall_segment Palisade Wall x1 |
| 9:57 | brunol1901 · wall_segment Palisade Wall x2 |
| 10:40 | brunol1901 · wall_segment Palisade Wall x8 |
| 10:41 | brunol1901 · wall_segment Palisade Wall x1 |
| 10:59 | Pandora_heart · age_up feudal |
| 11:18 | Xtreme | ticohzao · age_up feudal |
| 11:26 | [KoFu] Might_lloll · age_up feudal |
| 11:26 | mano do age · age_up feudal |
| 11:54 | Pandora_heart · first_market_buy 100 food |
| 11:57 | Full power No shower · wall_segment Palisade Wall x1 |
| 11:59 | Full power No shower · wall_segment Palisade Wall x1 |
| 12:00 | Full power No shower · wall_segment Palisade Wall x1 |
| 12:10 | Giacomo · wall_segment Palisade Wall x3 |
| 12:12 | Full power No shower · wall_segment Palisade Wall x1 |
| 12:12 | mano do age · wall_segment Stone Wall x9 |
| 12:14 | mano do age · wall_segment Stone Wall x8 |
| 12:14 | Full power No shower · wall_segment Palisade Wall x1 |
| 12:16 | Full power No shower · wall_segment Palisade Wall x1 |
| 12:17 | Full power No shower · wall_segment Palisade Wall x1 |
| 12:18 | Xtreme | ticohzao · wall_segment Stone Wall x4 |
| 12:22 | Full power No shower · wall_segment Palisade Wall x1 |
| 12:26 | Giacomo · age_up feudal |
| 12:28 | Xtreme | ticohzao · wall_segment Stone Wall x11 |
| 12:30 | Giacomo · wall_segment Stone Wall x6 |
| 12:35 | Full power No shower · wall_segment Palisade Wall x1 |
| 12:37 | brunol1901 · wall_segment Palisade Wall x1 |
| 12:38 | brunol1901 · wall_segment Palisade Wall x1 |
| 12:39 | brunol1901 · wall_segment Palisade Wall x1 |
| 12:40 | brunol1901 · wall_segment Palisade Wall x1 |
| 12:40 | brunol1901 · wall_segment Palisade Wall x1 |
| 12:41 | Full power No shower · wall_segment Palisade Wall x1 |
| 12:41 | brunol1901 · wall_segment Palisade Wall x1 |
| 12:42 | Full power No shower · wall_segment Palisade Wall x1 |
| 12:42 | brunol1901 · wall_segment Palisade Wall x1 |
| 12:43 | Full power No shower · wall_segment Palisade Wall x1 |
| 12:53 | Giacomo · wall_segment Stone Wall x6 |
| 13:08 | Full power No shower · first_building Barracks |
| 13:31 | Giacomo · wall_segment Stone Wall x1 |
| 13:46 | SINNER1098 · first_market_buy 100 food |
| 13:50 | SINNER1098 · first_market_sell 100 wood |
| 13:54 | Full power No shower · wall_segment Palisade Wall x1 |
| 14:00 | Full power No shower · wall_segment Palisade Wall x1 |
| 14:02 | Full power No shower · wall_segment Palisade Wall x1 |
| 14:03 | Full power No shower · wall_segment Palisade Wall x1 |
| 14:32 | brunol1901 · wall_segment Palisade Wall x1 |
| 14:33 | brunol1901 · wall_segment Palisade Wall x1 |
| 14:34 | brunol1901 · wall_segment Palisade Wall x2 |
| 14:35 | brunol1901 · wall_segment Palisade Wall x1 |
| 14:35 | Full power No shower · age_up feudal |
| 14:35 | brunol1901 · wall_segment Palisade Wall x1 |
| 14:35 | brunol1901 · wall_segment Palisade Wall x2 |
| 14:36 | brunol1901 · wall_segment Palisade Wall x2 |
| 14:36 | brunol1901 · wall_segment Palisade Wall x2 |
| 14:37 | brunol1901 · wall_segment Palisade Wall x2 |
| 14:37 | brunol1901 · wall_segment Palisade Wall x2 |
| 14:48 | Full power No shower · first_building Archery Range |
| 14:52 | Pandora_heart · age_up castle |
| 15:01 | [KoFu] Might_lloll · age_up castle |
| 15:04 | brunol1901 · wall_segment Palisade Wall x1 |
| 15:14 | [KoFu] Might_lloll · first_market_buy 100 food |
| 15:26 | [KoFu] Might_lloll · first_building Monastery |
| 15:28 | Full power No shower · wall_segment Palisade Wall x1 |
| 15:34 | Full power No shower · wall_segment Stone Wall x11 |
| 15:37 | brunol1901 · wall_segment Palisade Wall x8 |
| 16:00 | brunol1901 · wall_segment Palisade Wall x2 |
| 16:01 | brunol1901 · wall_segment Palisade Wall x1 |
| 16:01 | brunol1901 · wall_segment Palisade Wall x2 |
| 16:02 | brunol1901 · wall_segment Palisade Wall x2 |
| 16:02 | brunol1901 · wall_segment Palisade Wall x1 |
| 16:03 | brunol1901 · wall_segment Palisade Wall x1 |
| 16:03 | brunol1901 · wall_segment Palisade Wall x2 |
| 16:03 | brunol1901 · wall_segment Palisade Wall x1 |
| 16:04 | brunol1901 · wall_segment Palisade Wall x2 |
| 16:04 | brunol1901 · wall_segment Palisade Wall x2 |
| 16:04 | brunol1901 · wall_segment Palisade Wall x2 |
| 16:42 | SINNER1098 · first_building Monastery |
| 16:44 | [KoFu] Might_lloll · wall_segment Palisade Wall x1 |
| 16:44 | Xtreme | ticohzao · age_up castle |
| 16:51 | brunol1901 · age_up feudal |
| 17:21 | Giacomo · first_market_buy 100 wood |
| 17:30 | Xtreme | ticohzao · first_market_sell 100 wood |
| 17:33 | Xtreme | ticohzao · first_market_buy 100 stone |
| 17:43 | brunol1901 · first_market_sell 100 wood |
| 17:44 | brunol1901 · first_market_buy 100 food |
| 18:01 | Pandora_heart · first_building Monastery |
| 18:29 | Full power No shower · wall_segment Stone Wall x1 |
| 18:53 | Full power No shower · wall_segment Stone Wall x1 |
| 19:22 | Giacomo · wall_segment Stone Wall x1 |
| 19:24 | Giacomo · wall_segment Stone Wall x3 |
| 19:26 | Giacomo · wall_segment Stone Wall x5 |
| 19:32 | Giacomo · age_up castle |
| 19:49 | mano do age · age_up castle |
| 21:09 | brunol1901 · age_up castle |
| 21:14 | Giacomo · wall_segment Stone Wall x1 |
| 21:17 | brunol1901 · first_building Siege Workshop |
| 21:57 | Giacomo · wall_segment Stone Wall x1 |
| 21:59 | Giacomo · wall_segment Stone Wall x1 |
| 21:59 | Giacomo · wall_segment Stone Wall x1 |
| 22:15 | mano do age · wall_segment Palisade Wall x1 |
| 22:16 | mano do age · wall_segment Palisade Wall x1 |
| 22:16 | mano do age · wall_segment Palisade Wall x1 |
| 22:17 | mano do age · wall_segment Palisade Wall x1 |
| 22:18 | mano do age · wall_segment Palisade Wall x1 |
| 22:18 | mano do age · wall_segment Palisade Wall x1 |
| 24:47 | SINNER1098 · first_building Siege Workshop |
| 25:45 | brunol1901 · wall_segment Stone Wall x16 |
| 26:06 | SINNER1098 · first_building Barracks |
| 26:08 | Pandora_heart · first_building Castle |
| 26:40 | SINNER1098 · first_building Castle |
| 27:15 | Full power No shower · first_market_sell 100 wood |
| 27:20 | Xtreme | ticohzao · first_building Monastery |
| 27:30 | SINNER1098 · first_building Archery Range |
| 27:53 | Pandora_heart · first_building Barracks |
| 28:04 | Pandora_heart · first_building Siege Workshop |
| 28:05 | brunol1901 · first_building Monastery |
| 28:07 | mano do age · first_building Castle |
| 28:18 | Pandora_heart · first_building Archery Range |
| 28:30 | Pandora_heart · first_market_sell 100 food |
| 28:30 | [KoFu] Might_lloll · first_building Siege Workshop |
| 28:32 | Pandora_heart · age_up imperial |
| 28:39 | Xtreme | ticohzao · first_building Barracks |
| 28:41 | Pandora_heart · first_building Stable |
| 28:52 | mano do age · first_market_sell 100 wood |
| 28:52 | brunol1901 · wall_segment Stone Wall x3 |
| 28:54 | brunol1901 · wall_segment Stone Wall x8 |
| 28:55 | brunol1901 · wall_segment Stone Wall x1 |
| 28:56 | brunol1901 · wall_segment Stone Wall x1 |
| 28:57 | brunol1901 · wall_segment Stone Wall x1 |
| 29:00 | brunol1901 · wall_segment Stone Wall x5 |
| 29:19 | [KoFu] Might_lloll · first_building Castle |
| 29:30 | Giacomo · first_market_sell 100 wood |
| 29:43 | [KoFu] Might_lloll · age_up imperial |
| 29:49 | Giacomo · first_building Castle |
| 30:04 | [KoFu] Might_lloll · first_building Barracks |
| 30:04 | Giacomo · first_building Monastery |
| 30:06 | Xtreme | ticohzao · first_building Stable |
| 30:12 | [KoFu] Might_lloll · first_market_sell 100 food |
| 30:24 | Full power No shower · age_up castle |
| 30:48 | brunol1901 · wall_segment Stone Wall x4 |
| 30:50 | Xtreme | ticohzao · age_up imperial |
| 31:23 | brunol1901 · wall_segment Stone Wall x6 |
| 32:19 | brunol1901 · wall_segment Stone Wall x2 |
| 32:19 | brunol1901 · wall_segment Stone Wall x1 |
| 32:19 | brunol1901 · wall_segment Stone Wall x1 |
| 32:22 | brunol1901 · wall_segment Stone Wall x3 |
| 32:23 | brunol1901 · wall_segment Stone Wall x1 |
| 32:23 | brunol1901 · wall_segment Stone Wall x4 |
| 32:23 | brunol1901 · wall_segment Stone Wall x3 |
| 32:24 | brunol1901 · wall_segment Stone Wall x2 |
| 32:24 | brunol1901 · wall_segment Stone Wall x3 |
| 32:38 | mano do age · age_up imperial |
| 33:09 | Xtreme | ticohzao · first_building Castle |
| 33:14 | [KoFu] Might_lloll · first_building Archery Range |
| 33:14 | brunol1901 · wall_segment Stone Wall x16 |
| 33:19 | brunol1901 · wall_segment Stone Wall x10 |
| 33:25 | brunol1901 · wall_segment Stone Wall x6 |
| 33:39 | brunol1901 · wall_segment Stone Wall x4 |
| 33:47 | Giacomo · age_up imperial |
| 33:47 | brunol1901 · wall_segment Stone Wall x6 |
| 33:49 | brunol1901 · wall_segment Stone Wall x4 |
| 33:49 | brunol1901 · wall_segment Stone Wall x3 |
| 34:21 | brunol1901 · wall_segment Stone Wall x5 |
| 34:42 | brunol1901 · first_building Castle |
| 34:52 | brunol1901 · first_building Barracks |
| 35:20 | brunol1901 · age_up imperial |
| 35:32 | mano do age · first_building Archery Range |
| 35:42 | [KoFu] Might_lloll · tribute_sent a jugador 1 |
| 35:42 | [KoFu] Might_lloll · tribute_sent a jugador 2 |
| 35:42 | [KoFu] Might_lloll · tribute_sent a jugador 4 |
| 35:42 | [KoFu] Might_lloll · tribute_sent a jugador 5 |
| 35:42 | [KoFu] Might_lloll · tribute_sent a jugador 6 |
| 35:42 | [KoFu] Might_lloll · tribute_sent a jugador 7 |
| 35:42 | [KoFu] Might_lloll · tribute_sent a jugador 8 |
| 35:48 | brunol1901 · first_building Archery Range |
| 37:01 | [KoFu] Might_lloll · tribute_sent a jugador 1 |
| 37:01 | [KoFu] Might_lloll · tribute_sent a jugador 2 |
| 37:01 | [KoFu] Might_lloll · tribute_sent a jugador 4 |
| 37:01 | [KoFu] Might_lloll · tribute_sent a jugador 5 |
| 37:01 | [KoFu] Might_lloll · tribute_sent a jugador 6 |
| 37:01 | [KoFu] Might_lloll · tribute_sent a jugador 7 |
| 37:01 | [KoFu] Might_lloll · tribute_sent a jugador 8 |
| 37:25 | Full power No shower · first_building Monastery |
| 38:45 | [KoFu] Might_lloll · tribute_sent a jugador 1 |
| 38:45 | [KoFu] Might_lloll · tribute_sent a jugador 2 |
| 38:45 | [KoFu] Might_lloll · tribute_sent a jugador 4 |
| 38:45 | [KoFu] Might_lloll · tribute_sent a jugador 5 |
| 38:45 | [KoFu] Might_lloll · tribute_sent a jugador 6 |
| 38:45 | [KoFu] Might_lloll · tribute_sent a jugador 7 |
| 38:45 | [KoFu] Might_lloll · tribute_sent a jugador 8 |
| 38:47 | Xtreme | ticohzao · tribute_sent a jugador 1 |
| 38:47 | Xtreme | ticohzao · tribute_sent a jugador 2 |
| 38:47 | Xtreme | ticohzao · tribute_sent a jugador 3 |
| 38:47 | Xtreme | ticohzao · tribute_sent a jugador 4 |
| 38:47 | Xtreme | ticohzao · tribute_sent a jugador 6 |
| 38:47 | Xtreme | ticohzao · tribute_sent a jugador 7 |
| 38:47 | Xtreme | ticohzao · tribute_sent a jugador 8 |
| 41:10 | Full power No shower · first_building Castle |
| 41:33 | Full power No shower · age_up imperial |
| 42:11 | Xtreme | ticohzao · tribute_sent a jugador 1 |
| 42:11 | Xtreme | ticohzao · tribute_sent a jugador 2 |
| 42:11 | Xtreme | ticohzao · tribute_sent a jugador 3 |
| 42:11 | Xtreme | ticohzao · tribute_sent a jugador 4 |
| 42:11 | Xtreme | ticohzao · tribute_sent a jugador 6 |
| 42:11 | Xtreme | ticohzao · tribute_sent a jugador 7 |
| 42:11 | Xtreme | ticohzao · tribute_sent a jugador 8 |
| 42:12 | [KoFu] Might_lloll · tribute_sent a jugador 1 |
| 42:12 | [KoFu] Might_lloll · tribute_sent a jugador 2 |
| 42:12 | [KoFu] Might_lloll · tribute_sent a jugador 4 |
| 42:12 | [KoFu] Might_lloll · tribute_sent a jugador 5 |
| 42:12 | [KoFu] Might_lloll · tribute_sent a jugador 6 |
| 42:12 | [KoFu] Might_lloll · tribute_sent a jugador 7 |
| 42:12 | [KoFu] Might_lloll · tribute_sent a jugador 8 |
| 42:27 | Xtreme | ticohzao · first_building Siege Workshop |
| 42:43 | Giacomo · first_building Barracks |
| 42:56 | Full power No shower · wall_segment Stone Wall x11 |
| 43:02 | Pandora_heart · wall_segment Stone Wall x6 |
| 43:06 | Full power No shower · wall_segment Stone Wall x1 |
| 43:38 | Giacomo · first_building Archery Range |
| 44:15 | Pandora_heart · tribute_sent a jugador 1 |
| 44:15 | Pandora_heart · tribute_sent a jugador 2 |
| 44:15 | Pandora_heart · tribute_sent a jugador 3 |
| 44:15 | Pandora_heart · tribute_sent a jugador 5 |
| 44:15 | Pandora_heart · tribute_sent a jugador 6 |
| 44:15 | Pandora_heart · tribute_sent a jugador 7 |
| 44:15 | Pandora_heart · tribute_sent a jugador 8 |
| 45:21 | Xtreme | ticohzao · tribute_sent a jugador 1 |
| 45:21 | Xtreme | ticohzao · tribute_sent a jugador 2 |
| 45:21 | Xtreme | ticohzao · tribute_sent a jugador 3 |
| 45:21 | Xtreme | ticohzao · tribute_sent a jugador 4 |
| 45:21 | Xtreme | ticohzao · tribute_sent a jugador 6 |
| 45:21 | Xtreme | ticohzao · tribute_sent a jugador 7 |
| 45:21 | Xtreme | ticohzao · tribute_sent a jugador 8 |
| 46:01 | [KoFu] Might_lloll · tribute_sent a jugador 1 |
| 46:01 | [KoFu] Might_lloll · tribute_sent a jugador 2 |
| 46:01 | [KoFu] Might_lloll · tribute_sent a jugador 4 |
| 46:01 | [KoFu] Might_lloll · tribute_sent a jugador 5 |
| 46:01 | [KoFu] Might_lloll · tribute_sent a jugador 6 |
| 46:01 | [KoFu] Might_lloll · tribute_sent a jugador 7 |
| 46:01 | [KoFu] Might_lloll · tribute_sent a jugador 8 |
| 46:40 | Full power No shower · first_market_buy 100 food |
| 47:12 | brunol1901 · first_building Stable |
| 48:13 | mano do age · first_market_buy 100 stone |
| 49:31 | [KoFu] Might_lloll · tribute_sent a jugador 1 |
| 49:31 | [KoFu] Might_lloll · tribute_sent a jugador 2 |
| 49:31 | [KoFu] Might_lloll · tribute_sent a jugador 4 |
| 49:31 | [KoFu] Might_lloll · tribute_sent a jugador 5 |
| 49:31 | [KoFu] Might_lloll · tribute_sent a jugador 6 |
| 49:31 | [KoFu] Might_lloll · tribute_sent a jugador 7 |
| 49:31 | [KoFu] Might_lloll · tribute_sent a jugador 8 |
| 49:31 | SINNER1098 · tribute_sent a jugador 1 |
| 49:31 | SINNER1098 · tribute_sent a jugador 2 |
| 49:31 | SINNER1098 · tribute_sent a jugador 3 |
| 49:31 | SINNER1098 · tribute_sent a jugador 4 |
| 49:31 | SINNER1098 · tribute_sent a jugador 5 |
| 49:31 | SINNER1098 · tribute_sent a jugador 6 |
| 49:31 | SINNER1098 · tribute_sent a jugador 7 |
| 50:46 | [KoFu] Might_lloll · tribute_sent a jugador 1 |
| 50:46 | [KoFu] Might_lloll · tribute_sent a jugador 2 |
| 50:46 | [KoFu] Might_lloll · tribute_sent a jugador 4 |
| 50:46 | [KoFu] Might_lloll · tribute_sent a jugador 5 |
| 50:46 | [KoFu] Might_lloll · tribute_sent a jugador 6 |
| 50:46 | [KoFu] Might_lloll · tribute_sent a jugador 7 |
| 50:46 | [KoFu] Might_lloll · tribute_sent a jugador 8 |
| 50:59 | Pandora_heart · tribute_sent a jugador 1 |
| 50:59 | Pandora_heart · tribute_sent a jugador 2 |
| 50:59 | Pandora_heart · tribute_sent a jugador 3 |
| 50:59 | Pandora_heart · tribute_sent a jugador 5 |
| 50:59 | Pandora_heart · tribute_sent a jugador 6 |
| 50:59 | Pandora_heart · tribute_sent a jugador 7 |
| 50:59 | Pandora_heart · tribute_sent a jugador 8 |
| 54:42 | Giacomo · first_building Siege Workshop |
| 55:10 | Pandora_heart · tribute_sent a jugador 1 |
| 55:10 | Pandora_heart · tribute_sent a jugador 2 |
| 55:10 | Pandora_heart · tribute_sent a jugador 3 |
| 55:10 | Pandora_heart · tribute_sent a jugador 5 |
| 55:10 | Pandora_heart · tribute_sent a jugador 6 |
| 55:10 | Pandora_heart · tribute_sent a jugador 7 |
| 55:10 | Pandora_heart · tribute_sent a jugador 8 |
| 56:35 | [KoFu] Might_lloll · tribute_sent a jugador 1 |
| 56:35 | [KoFu] Might_lloll · tribute_sent a jugador 2 |
| 56:35 | [KoFu] Might_lloll · tribute_sent a jugador 4 |
| 56:35 | [KoFu] Might_lloll · tribute_sent a jugador 5 |
| 56:35 | [KoFu] Might_lloll · tribute_sent a jugador 6 |
| 56:35 | [KoFu] Might_lloll · tribute_sent a jugador 7 |
| 56:35 | [KoFu] Might_lloll · tribute_sent a jugador 8 |
| 56:41 | Xtreme | ticohzao · tribute_sent a jugador 1 |
| 56:41 | Xtreme | ticohzao · tribute_sent a jugador 2 |
| 56:41 | Xtreme | ticohzao · tribute_sent a jugador 3 |
| 56:41 | Xtreme | ticohzao · tribute_sent a jugador 4 |
| 56:41 | Xtreme | ticohzao · tribute_sent a jugador 6 |
| 56:41 | Xtreme | ticohzao · tribute_sent a jugador 7 |
| 56:41 | Xtreme | ticohzao · tribute_sent a jugador 8 |
| 60:27 | Pandora_heart · tribute_sent a jugador 1 |
| 60:27 | Pandora_heart · tribute_sent a jugador 2 |
| 60:27 | Pandora_heart · tribute_sent a jugador 3 |
| 60:27 | Pandora_heart · tribute_sent a jugador 5 |
| 60:27 | Pandora_heart · tribute_sent a jugador 6 |
| 60:27 | Pandora_heart · tribute_sent a jugador 7 |
| 60:27 | Pandora_heart · tribute_sent a jugador 8 |
| 60:44 | mano do age · tribute_sent a jugador 1 |
| 60:44 | mano do age · tribute_sent a jugador 2 |
| 60:44 | mano do age · tribute_sent a jugador 3 |
| 60:44 | mano do age · tribute_sent a jugador 4 |
| 60:44 | mano do age · tribute_sent a jugador 5 |
| 60:44 | mano do age · tribute_sent a jugador 6 |
| 60:44 | mano do age · tribute_sent a jugador 8 |
| 61:59 | Pandora_heart · tribute_sent a jugador 1 |
| 61:59 | Pandora_heart · tribute_sent a jugador 2 |
| 61:59 | Pandora_heart · tribute_sent a jugador 3 |
| 61:59 | Pandora_heart · tribute_sent a jugador 5 |
| 61:59 | Pandora_heart · tribute_sent a jugador 6 |
| 61:59 | Pandora_heart · tribute_sent a jugador 7 |
| 61:59 | Pandora_heart · tribute_sent a jugador 8 |
| 62:16 | Pandora_heart · tribute_sent a jugador 1 |
| 62:16 | Pandora_heart · tribute_sent a jugador 2 |
| 62:16 | Pandora_heart · tribute_sent a jugador 3 |
| 62:16 | Pandora_heart · tribute_sent a jugador 5 |
| 62:16 | Pandora_heart · tribute_sent a jugador 6 |
| 62:16 | Pandora_heart · tribute_sent a jugador 7 |
| 62:16 | Pandora_heart · tribute_sent a jugador 8 |
| 63:44 | mano do age · tribute_sent a jugador 1 |
| 63:44 | mano do age · tribute_sent a jugador 2 |
| 63:44 | mano do age · tribute_sent a jugador 3 |
| 63:44 | mano do age · tribute_sent a jugador 4 |
| 63:44 | mano do age · tribute_sent a jugador 5 |
| 63:44 | mano do age · tribute_sent a jugador 6 |
| 63:44 | mano do age · tribute_sent a jugador 8 |
| 63:44 | Xtreme | ticohzao · tribute_sent a jugador 1 |
| 63:44 | Xtreme | ticohzao · tribute_sent a jugador 2 |
| 63:44 | Xtreme | ticohzao · tribute_sent a jugador 3 |
| 63:44 | Xtreme | ticohzao · tribute_sent a jugador 4 |
| 63:44 | Xtreme | ticohzao · tribute_sent a jugador 6 |
| 63:44 | Xtreme | ticohzao · tribute_sent a jugador 7 |
| 63:44 | Xtreme | ticohzao · tribute_sent a jugador 8 |
| 64:11 | Pandora_heart · tribute_sent a jugador 1 |
| 64:11 | Pandora_heart · tribute_sent a jugador 2 |
| 64:11 | Pandora_heart · tribute_sent a jugador 3 |
| 64:11 | Pandora_heart · tribute_sent a jugador 5 |
| 64:11 | Pandora_heart · tribute_sent a jugador 6 |
| 64:11 | Pandora_heart · tribute_sent a jugador 7 |
| 64:11 | Pandora_heart · tribute_sent a jugador 8 |
| 67:20 | Giacomo · resign |
[ AI ANALYSIS · 1 CREDIT ]
What really happened in this match?
Wolo.gg analyzes every decision: build order, eco, micro, common mistakes by bracket. Personalized analysis on WhatsApp or Discord in 30 seconds.
Civ guide
Britons
Perfil
Jugador #206712